 Dungeon Crawl Stone Soup version 0.28-a0-519-gbfeecf2fc5 (webtiles) character file.

Game seed: 12040439955924279073

189 Rennog the Shield-Bearer (level 5, -11/47 HPs)
             Began as a Minotaur Fighter on Sept 23, 2021.
             Mangled by a wyvern (13 damage)
             ... on level 5 of the Dungeon.
             The game lasted 00:01:50 (1509 turns).

Rennog the Shield-Bearer (Minotaur Fighter)         Turns: 1509, Time: 00:01:50

Health: -11/47     AC:  7    Str: 21    XL:     5   Next: 40%
Magic:  4/4        EV: 10    Int:  5    God:
Gold:   61         SH:  4    Dex: 10    Spells: 4/4 levels left

rFire   . . .      SeeInvis .   a - +0 flail
rCold   . . .      Faith    .   c - +0 buckler
rNeg    . . .      Spirit   .   b - +0 scale mail
rPois   .          Reflect  .   (helmet restricted)
rElec   .          Harm     .   (no cloak)
rCorr   .          Rampage  .   (no gloves)
Will    .....                   (no boots)
Stlth   ..........              (no amulet)
HPRegen 0.15/turn               (no ring)
MPRegen 0.09/turn               (no ring)

@: no status effects
A: horns 2, retaliatory headbutt
a: no special abilities


You were on level 5 of the Dungeon.
You visited 1 branch of the dungeon, and saw 4 of its levels.

You collected 61 gold pieces.

Inventory:

Hand Weapons
 a - a +0 flail (weapon)
Armour
 b - a +0 scale mail (worn)
 c - a +0 buckler (worn)
Jewellery
 e - a ring of willpower
Scrolls
 f - a scroll of brand weapon {unknown}
 g - a scroll of silence {unknown}
 h - a scroll of identify {unknown}
Potions
 d - 4 potions of might


   Skills:
 + Level 4.4 Fighting
 * Level 4.4 Maces & Flails
 + Level 4.4 Armour
 + Level 2.0 Dodging
 + Level 4.5 Shields


You had 4 spell levels left.
You didn't know any spells.
Your spell library contained the following spells:

 Spells                   Type           Power      Damage    Failure   Level
 Animate Skeleton         Necr           0%         N/A       80%         1
 Apportation              Tloc           0%         N/A       80%         1
 Summon Small Mammal      Summ           0%         N/A       80%         1


Dungeon Overview and Level Annotations

Branches:
Dungeon (5/15)
 Temple: D:4-7

Altars:


Innate Abilities, Weirdness & Mutations

You have a pair of horns on your head.
You reflexively headbutt those who attack you in melee.


Message History

The gnoll is moderately wounded.
The gnoll hits you but does no damage.
You closely miss the gnoll.
The gnoll is moderately wounded.
The gnoll closely misses you.
You sock the gnoll!
You kill the gnoll!
Key pressed, stopping explore.
HP restored.
Items here: )) ÷÷÷.
Items here: )) ÷÷÷.
There is a stone staircase leading down here.
h - a scroll labelled AKHAF SACOOLIS
Found a stone staircase leading down.
You now have 61 gold pieces (gained 17).
Items here: )) [ ÷.
Found a leather armour.
You see here a +0 leather armour.
A wyvern and a zombie come into view.
The wyvern hisses angrily.
There are monsters nearby!
You hit the wyvern.
The wyvern is lightly wounded.
The wyvern closely misses you. The wyvern bites you!
You hit the wyvern. Your headbutt misses the wyvern.
The wyvern is lightly wounded.
The wyvern barely misses you. The wyvern bites you.
You hit the wyvern.
The wyvern is moderately wounded.
The wyvern bites you but does no damage.
The wyvern bites you!
* * * LOW HITPOINT WARNING * * *
You are too injured to fight recklessly!
You are too injured to fight recklessly!
The wyvern barely misses you. The wyvern bites you!
* * * LOW HITPOINT WARNING * * *
You block the wyvern's attack. The wyvern bites you!
You die...

####### ....# #.....# ...#
#.#...# ...# #.....# ..#
#.....##################
.l#.#.........#............#
#+#.#.#....####.#.##########.#
#.....#....#..@.#.# #.#
###.###.#..#.l#.#.# #.#
#..........#.Z#.#.# #.#
#.#.####...#..#.#.# #.#
#.#.............#[# #.#
#.#####...#######.##########.#
##.#..........................#
.......#...#######.############
#.....#.........#.#....#


You could see a wyvern and a bullfrog zombie.

Vanquished Creatures
  A black bear (D:5)
  A gnoll shaman (D:5)
  4 gnolls (D:5)
  An endoplasm (D:1)
  2 giant cockroaches (D:1)
  2 hobgoblins (D:1)
  4 jackals (D:4)
  5 ball pythons (D:1)
  2 frilled lizards (D:1)
  3 goblins (D:1)
  2 kobolds (D:1)
27 creatures vanquished.

Notes
Turn   | Place    | Note
-------+----------+-------------------------------------------
     0 | D:1      | Rennog the Minotaur Fighter began the quest for the Orb.
     0 | D:1      | Reached XP level 1. HP: 19/19 MP: 0/0
   292 | D:1      | Reached XP level 2. HP: 17/27 MP: 1/1
   949 | D:2      | You fall into a shaft and drop 2 floors!
   985 | D:4      | You fall into a shaft and drop 1 floor!
   985 | D:5      | Entered Level 5 of the Dungeon
   985 | D:5      | Noticed a black bear
   997 | D:5      | Reached skill level 1 in Dodging
   997 | D:5      | Reached XP level 3. HP: 28/33 MP: 2/2
  1049 | D:5      | Reached XP level 4. HP: 28/40 MP: 3/3
  1059 | D:5      | Killed a black bear
  1060 | D:5      | Reached XP level 5. HP: 22/47 MP: 4/4
  1492 | D:5      | Noticed a wyvern
  1503 | D:5      | HP: 1/47 [wyvern (12)]
  1509 | D:5      | Mangled by a wyvern

Illustrated notes

Levels and vault maps discovered:
D:1:      lemuel_arrival_muddy, layout_basic
D:2:      layout_loops_ring
D:4:      layout_gridville, nicolae_ossuary_entry_ruins
D:5:      layout_basic, old_standard_altar, uniq_pikel

Skill      XL: |  1  2  3  4  5 |
---------------+----------------+-----
Maces & Flails | 3 4 |  4.4
Dodging        | 1 2 |  2.0
Fighting       | 4 |  4.4
Armour         | 4 |  4.4
Shields        | 4 |  4.5

Action                   |  1- 3 |  4- 6 || total
-------------------------+-------+-------++-------
Melee: Flail             |    50 |    21 ||    71
       Headbutt          |     5 |     1 ||     6
Armor: Scale mail        |    30 |    13 ||    43
Dodge: Dodged            |    36 |    16 ||    52
Block: Buckler           |     9 |     5 ||    14

Table legend: (Time is in decaauts)
 A = Elapsed time spent in this place.
 B = Non-inter-level travel time spent in this place.
 C = Inter-level travel time spent in this place.
 D = Time resting spent in this place.
 E = Time spent auto-exploring this place.
 F = Levels seen in this place.
 G = Mean time per level.
                   A        B        C        D        E       F      G
               +--------+--------+--------+--------+--------+-----+--------+
         Total |   1527 |   1464 |     63 |      0 |   1254 |   4 |  381.8 |
       Dungeon |   1527 |   1464 |     63 |      0 |   1254 |   4 |  381.8 |
               +--------+--------+--------+--------+--------+-----+--------+

Top non-repeatable levels by time:
     D:1: 896 daAuts
     D:5: 531 daAuts
     D:2: 62 daAuts
     D:4: 37 daAuts
